 Dungeon Crawl Stone Soup version 0.19.3-1-g3169bf9 (webtiles) character file.

730 Clownie the Cleaver (level 8, -3/57 HPs)
             Began as a Formicid Gladiator on Jan 25, 2017.
             Slain by an ogre
             ... wielding a +0 giant club
              (19 damage)
             ... on level 4 of the Dungeon.
             The game lasted 00:04:45 (3664 turns).

Clownie the Cleaver (Formicid Gladiator)            Turns: 3664, Time: 00:04:45

Health: -3/57      AC:  8    Str: 22    XL:     8   Next: 3%
Magic:  8/8        EV: 11    Int:  8    God:
Gold:   201        SH:  0    Dex: 11    Spells: 0 memorised, 7 levels left

rFire  . . .     SeeInvis +     a - +0 war axe
rCold  . . .     Gourm    .     u - +1 scale mail
rNeg   . . .     Faith    .     (no shield)
rPois  .         Spirit   .     (helmet unavailable)
rElec  .         Reflect  .     (no cloak)
rCorr  .         Harm     .     o - +0 pair of gloves
MR     .....                    (no boots)
Stlth  ..........               s - amulet of magic regeneration
                                (no ring)
                                (no ring)

@: no status effects
A: permanent stasis, dig shafts and tunnels, four strong arms, antennae 3
a: Dig, Shaft Self


You were on level 4 of the Dungeon.
You were hungry.

You visited 1 branch of the dungeon, and saw 4 of its levels.

You collected 201 gold pieces.

Inventory:

Hand Weapons
 a - a +0 war axe (weapon)
Armour
 o - a +0 pair of gloves (worn)
 u - a +1 scale mail (worn)
Jewellery
 s - an amulet of magic regeneration (around neck)
Scrolls
 g - a scroll of identify
 h - a scroll of random uselessness {unknown}
Potions
 e - a potion of might
 i - a potion of degeneration {unknown}
Books
 b - a book of Necromancy

   Spells                             Type                      Level
   a - Pain                           Necromancy                   1
   b - Animate Skeleton               Necromancy                   1
   c - Vampiric Draining              Necromancy                   3
   d - Regeneration                   Charms/Necromancy            3
   e - Animate Dead                   Necromancy                   4
   f - Control Undead                 Necromancy                   4
Comestibles
 d - 3 bread rations
 f - 2 royal jellies
 j - 2 slices of pizza
 q - a meat ration


   Skills:
 - Level 2.5 Fighting
 * Level 8.2 Axes
 - Level 2.0 Throwing
 + Level 2.1 Armour
 - Level 3.1 Dodging


You had 7 spell levels left.
You didn't know any spells.

Dungeon Overview and Level Annotations

Branches:
Dungeon (4/15)
 Temple: D:4-7

Altars:
Cheibriados
Dithmenos
Fedhas
Kikubaaqudgha
Sif Muna
Vehumet
The Shining One


Innate Abilities, Weirdness & Mutations

You are under a permanent stasis effect.
You can dig through walls and to a lower floor.
Your four strong arms can wield two-handed weapons with a shield.
You have a pair of large antennae on your head. (SInv)


Message History

You are feeling hungry.
The worker ant closely misses you. Menkaure hits you!!
You hit Menkaure.
You destroy Menkaure!
Your Axes skill increases to level 8!
Your Armour skill increases to level 2!
You barely miss the worker ant.
The worker ant bites you but does no damage.
You slash the worker ant!
You kill the worker ant!
You have reached level 8!
You feel stronger.
You slash the ogre! The ogre hits you with a giant club.
* * * LOW HITPOINT WARNING * * *
Throwing (i - inventory):
c - a throwing net (quivered)
Press: ? - help, Shift-Dir - straight line, f - ogre
Aim: an ogre, wielding a giant club (moderately wounded)
You throw a throwing net.
The throwing net barely misses the ogre.
The ogre hits you with a giant club!!
You die...

### ############
#>..............
#.#. ##.....### #..
#.....# #.#
###.....#
###.####.....###
#@O...(#.....#
#†#.##.#.....#
#.#+#<.#.#.....#####
#...................
#....###############
#..... ###... .....
#.....


You could see an ogre.

Vanquished Creatures
  Menkaure (D:4)
  Duvessa (D:4)
  Dowan (D:4)
  3 orc priests (D:3)
  3 orc wizards
  A bullfrog skeleton (D:4)
  3 worker ants (D:4)
  8 adders
  2 oozes (D:1)
  An adder skeleton (D:4)
  A dart slug (D:1)
  4 leopard geckos
  15 orcs
  4 giant cockroaches
  3 goblins
  7 hobgoblins
  2 jackals (D:2)
  8 bats
  2 frilled lizards (D:2)
  3 kobolds
  A leopard gecko skeleton (D:3)
  13 rats
87 creatures vanquished.

Notes
Turn   | Place    | Note
-------+----------+-------------------------------------------
     0 | D:1      | Clownie the Formicid Gladiator began the quest for the Orb.
     0 | D:1      | Reached XP level 1. HP: 16/16 MP: 1/1
    96 | D:1      | Reached XP level 2. HP: 16/22 MP: 2/2
   521 | D:1      | Reached XP level 3. HP: 28/28 MP: 3/3
   928 | D:2      | Reached XP level 4. HP: 29/34 MP: 4/4
  1061 | D:2      | Reached skill level 1 in Armour
  1088 | D:2      | Reached skill level 4 in Axes
  1578 | D:3      | Reached XP level 5. HP: 16/39 MP: 5/5
  1613 | D:3      | Reached skill level 5 in Axes
  1947 | D:3      | Reached XP level 6. HP: 31/46 MP: 6/6
  1962 | D:3      | Reached skill level 6 in Axes
  2841 | D:4      | Noticed Duvessa
  2841 | D:4      | Noticed Dowan
  2852 | D:4      | Killed Duvessa
  2852 | D:4      | Reached skill level 7 in Axes
  2852 | D:4      | Reached XP level 7. HP: 33/51 MP: 7/7
  2888 | D:4      | Killed Dowan
  3213 | D:4      | Found a blossoming altar of Fedhas.
  3296 | D:4      | Found a snail-covered altar of Cheibriados.
  3296 | D:4      | Found a shadowy altar of Dithmenos.
  3303 | D:4      | Found a radiant altar of Vehumet.
  3305 | D:4      | Found a glowing golden altar of the Shining One.
  3307 | D:4      | Found an ancient bone altar of Kikubaaqudgha.
  3392 | D:4      | Found a deep blue altar of Sif Muna.
  3652 | D:4      | Noticed Menkaure
  3662 | D:4      | Killed Menkaure
  3662 | D:4      | Reached skill level 8 in Axes
  3663 | D:4      | Reached XP level 8. HP: 22/57 MP: 8/8
  3664 | D:4      | Slain by an ogre

Skill      XL: |  1  2  3  4  5  6  7 |
---------------+----------------------+-----
Dodging        | 3 |  3.1
Armour         | 1 2 |  2.1
Axes           | 4 5 7 8 |  8.2
Fighting       | |  2.5
Throwing       | |  2.0

Action                   |  1- 3 |  4- 6 |  7- 9 || total
-------------------------+-------+-------+-------++-------
Melee: War axe           |    70 |   179 |    73 ||   322
Throw: Throwing net      |       |     3 |     1 ||     4
 Abil: Dig               |       |     2 |       ||     2
  Use: Potion            |       |     4 |     2 ||     6
       Scroll            |       |     7 |       ||     7
 Stab: Sleeping          |     1 |       |       ||     1
  Eat: Chunk             |       |     6 |     3 ||     9
Armor: Leather armour    |    16 |    62 |       ||    78
       Scale mail        |       |    10 |    19 ||    29
       Skin              |       |       |     9 ||     9
Dodge: Dodged            |    54 |   151 |    40 ||   245
